 Dungeon Crawl Stone Soup version 0.21.1-1-g345015f (webtiles) character file.

21 inc the Conjurer (level 2, -2/11 HPs)
             Began as a Felid Conjurer on Feb 21, 2018.
             Slain by an adder (3 damage)
             ... on level 2 of the Dungeon.
             The game lasted 00:01:47 (812 turns).

inc the Conjurer (Felid Conjurer)                    Turns: 812, Time: 00:01:48

Health: -2/11      AC:  1    Str:  4    XL:     2   Next: 62%
Magic:  1/6        EV: 18    Int: 16    God:
Gold:   56         SH:  0    Dex: 16    Spells: 2/5 levels left
                                        Lives:  0   Deaths: 0

rFire    . . .     SeeInvis +   (weapon unavailable)
rCold    . . .     Gourm    .   (shield unavailable)
rNeg     . . .     Faith    .   (armour unavailable)
rPois    .         Spirit   .   (helmet unavailable)
rElec    .         Reflect  .   (cloak unavailable)
rCorr    .         Harm     .   (gloves unavailable)
MR       .....     Rnd*Tele +   (boots unavailable)
Stlth    +++.......             (no amulet)
HPRegen  0.03/turn              e - ring of teleportation (curse)
MPRegen  0.10/turn              (no ring)

@: very slightly contaminated, quick
A: very small, no armour, no weapons or thrown items, stealth, claws 1, fangs 3,
see invisible, carnivore, speed 1, shaggy fur 1, slow metabolism 1, sharp paws
a: no special abilities


You were on level 2 of the Dungeon.
You were not hungry.

You visited 1 branch of the dungeon, and saw 2 of its levels.

You collected 56 gold pieces.

Inventory:

Jewellery
 e - a cursed ring of teleportation (left paw)
 g - an uncursed ring of flight {unknown}
Scrolls
 f - a scroll of identify {unknown}
 h - a scroll of amnesia {unknown}
 i - a scroll of remove curse {unknown}
 k - a scroll of enchant armour {unknown}
Potions
 c - a potion of heal wounds {unknown}
 d - 2 potions of flight {unknown}
 j - a potion of agility {unknown}
Books
 a - a book of Conjurations

   Spells                             Type                      Level
   a - Magic Dart                     Conjuration                  1
   b - Searing Ray                    Conjuration                  2
   c - Dazzling Spray                 Conjuration/Hexes            3
   d - Fulminant Prism                Conjuration/Hexes            4
   e - Force Lance                    Conjuration/Translocation    4
   f - Iskenderun's Mystic Blast      Conjuration                  4
Comestibles
 b - a ration


   Skills:
 - Level 2.6 Dodging
 - Level 2.6 Stealth
 - Level 2.0 Spellcasting
 + Level 4.3 Conjurations


You had 2 spell levels left.
You knew the following spells:

 Your Spells              Type           Power        Failure   Level  Hunger
a - Magic Dart            Conj           ###.         3%          1    #......
b - Searing Ray           Conj           ###...       5%          2    ###....


Dungeon Overview and Level Annotations

Branches:
Dungeon (2/15)

Altars:


Innate Abilities, Weirdness & Mutations

You cannot wear armour.
You are incapable of wielding weapons or throwing items.
Your paws allow you to move quietly. (Stealth)
You have sharp claws.
You have razor-sharp teeth.
You have supernaturally acute eyesight. (SInv)
You are carnivorous and can eat meat at any time.
You cover ground quickly.
You are covered in fur. (AC +1)
You have a slow metabolism.
Your sharp claws are effective at attacking unaware monsters.


Message History

You miss the adder.
The adder is moderately wounded.
The adder closely misses you.
You scratch the adder but do no damage.
The adder is moderately wounded.
The adder barely misses you. The adder completely misses you.
You completely miss the adder.
The adder is moderately wounded.
The adder closely misses you.
You closely miss the adder. Your bite misses the adder.
The adder is moderately wounded.
The adder barely misses you.
You completely miss the adder. Your bite misses the adder.
The adder is moderately wounded.
The adder completely misses you. The adder bites you.
* * * LOW HITPOINT WARNING * * *
You miss the adder. Your bite misses the adder.
The adder is moderately wounded.
The adder bites you.
You die...

### ######## #.#####.##.#.#
#.......##...# #.#####.##.#.# ##
#.# #....... . #####.########.#÷#
# ####### #............#.#.#
#######.....####........###.#.#.#
............'..S@.....>.# #.#.#
....###.....##..........# #.#.#
....# #.....##.........####.#.#.#
....# #.....##...........†..#.#.#
....# ########.......#......# #.#
##### ..........#......# #.#
...#...####.....## #.. ........#
#.....# ### ......... #.#####


You could see an adder.

Vanquished Creatures
  3 bats (D:1)
  A giant cockroach (D:1)
  7 goblins
  3 hobgoblins
  2 kobolds (D:1)
  2 rats (D:1)
18 creatures vanquished.

Notes
Turn   | Place    | Note
-------+----------+-------------------------------------------
     0 | D:1      | inc the Felid Conjurer began the quest for the Orb.
     0 | D:1      | Reached XP level 1. HP: 7/7 MP: 4/4
   141 | D:1      | Reached skill level 4 in Conjurations
   153 | D:1      | Reached XP level 2. HP: 11/11 MP: 1/6
   204 | D:1      | Learned a level 2 spell: Searing Ray
   812 | D:2      | Slain by an adder

Skill      XL: |  1 |
---------------+----+-----
Conjurations   | 4 |  4.3
Dodging        | |  2.6
Stealth        | |  2.6
Spellcasting   | |  2.0

Action                   || total
-------------------------++-------
Melee: Unarmed           ||    13
 Cast: Magic Dart        ||    22
       Searing Ray       ||     3
 Stab: Sleeping          ||     1
  Eat: Chunk             ||     3
Armor: Skin              ||     1
Dodge: Dodged            ||    17
